AoeStats
← rikardo.zamora

Arabian Desert

508556505Analyzed
1v1 RM · 8d ago on Sep 23, 2026· 79m 46s· 2 players
Game mode
Random Map
Map size
Tiny (2 player)
Population
200
Speed
Normal
Resources
Standard
Victory
Conquest
Starting age
Dark Age
Ending age
Imperial Age
RankedLock teamsTeams togetherTeam positionsShared explorationLock speedFull tech treeHidden civsTurbo modeCheats
Victory
Defeat
🇺🇸 Danes · United States
701
+14
🇲🇽 Celts · Mexico
651
-14
rikardo.zamora
4:19 Loom
11:29 Feudal Age
17:07 Man-at-Arms
18:01 Arson
25:26 Castle Age
23:40 Scale Barding Armor
27:09 Crossbowman
28:04 Husbandry
29:20 Light Cavalry
30:05 Scale Mail Armor
30:16 Forging
31:54 Double-Bit Axe
32:24 Horse Collar
33:06 Pikeman
33:08 Elite Skirmisher
35:32 Padded Archer Armor
37:35 Gold Mining
37:36 Stone Mining
45:22 Chain Mail Armor
45:24 Leather Archer Armor
54:16 Imperial Age
52:24 Wheelbarrow
54:05 Iron Casting
53:51 Chain Barding Armor
53:22 Fletching
55:06 Capped Ram
57:00 Cavalier
58:11 Long Swordsman
58:37 Gambesons
60:36 Stronghold
61:14 Two-Handed Swordsman
61:17 Heavy Scorpion
64:52 Onager
65:35 Champion
66:49 Siege Ram
68:18 Hand Cart
67:48 Town Watch
69:55 Sappers
79:23 Masonry
Every Anna
5:56 Loom
9:12 Feudal Age
10:15 Double-Bit Axe
14:15 Man-at-Arms
16:59 Scale Mail Armor
18:04 Wheelbarrow
18:31 Forging
18:48 Town Watch
19:11 Fletching
19:23 Padded Archer Armor
23:21 Castle Age
23:01 Arson
23:07 Horse Collar
24:41 Iron Casting
24:22 Chain Mail Armor
23:31 Long Swordsman
24:12 Squires
25:32 Town Patrol
26:25 Bow Saw
26:30 Bodkin Arrow
26:51 Leather Archer Armor
27:28 Gambesons
28:37 Hand Cart
35:20 Elite Skirmisher
40:39 Hamask
47:51 Imperial Age
49:03 Northmen's Fury
49:14 Onager
50:20 Elite Jomsviking
53:16 Thumb Ring
55:10 Siege Engineers
56:24 Plate Mail Armor
57:22 Siege Onager
57:50 Two-Handed Swordsman
64:34 Gold Mining
64:35 Stone Mining
66:15 Pikeman
67:22 Halberdier
69:37 Ballistics
70:19 Chemistry
71:08 Elite Varangian Guard
Connection lost

Rejoining the realm…

Still unreachable

The connection could not be restored.

Session expired

The server has moved on; the page needs a fresh start.